cohdb
Replays
Latest Replays
All Replays
Popular Replays
Top Player Replays
Match Explorer
How It Works
Community
CoH3 Stats
Reddit
Sign in to upload your games and track your stats! →
Sign in with Steam
Match 44034612
Unlisted
Match 44034612
Overview
Messages
Build Orders
End
Pioneer Squad
Construct Infanterie Kompanie
Grenadier Squad
Grenadier Squad
MG 42 Machine Gun Team
MG 42 Machine Gun Team
Construct Luftwaffe Kompanie
Selects Italian Coastal Battlegroup
Selects Designate Defensive Line
Selects Rapid Fortifications
Rapid Fortifications
221 Scout Car
Medical Bunker
Designate Defensive Line
Flak 30 Anti-aircraft Gun Team
Rapid Fortifications
Designate Defensive Line
MG 42 Bunker
Jäger Squad
HulkSMASH
Franz Kafka
0
0
Comments
sign in to comment!
No comments posted yet!